 Dungeon Sprint DCSS version 0.29-a0-517-gbdf32494f2 (webtiles) character file.

Game seed: 17451425329118716552

45857 mhtbhm the Wrestler (level 14, -12/131 HPs)
             Began as a Troll Transmuter on May 30, 2022.
             Was an Initiate of Gozag.
             Killed by the air
             ... invoked by a spriggan air mage
              (15 damage)
             ... in the Dungeon (Sprint IX: "|||||||||||||||||||||||||||||").
             The game lasted 00:12:45 (4087 turns).

mhtbhm the Wrestler (Troll Transmuter)              Turns: 4087, Time: 00:12:46

Health: -12/131    AC: 14    Str: 25    XL:     14   Next: 2%
Magic:  19/28      EV: 12    Int:  9    God:    Gozag
Gold:   7107       SH:  0    Dex: 10    Spells: 13/35 levels left

rFire   . . .      SeeInvis .     - Unarmed
rCold   . . .      Faith    .   (shield currently unavailable)
rNeg    . . .      Spirit   .   a - +0 acid dragon scales
rPois   +          Reflect  .   (helmet restricted)
rElec   .          Harm     .   k - +0 cloak
rCorr   +          Rampage  .   (gloves unavailable)
Will    +....      NoTele   +   (boots unavailable)
Stlth   ++........              (no amulet)
HPRegen 1.11/turn               t - ring of poison resistance
MPRegen 0.21/turn               v - +4 ring of protection

@: blade hands, wereblooded, gold aura
A: large, unfitting armour, claws 3, regeneration 1, shaggy fur 1, tough skin 1
a: End Transformation, Renounce Religion, Potion Petition, Call Merchant, Bribe
Branch


You were in the Dungeon.
You worshipped Gozag.
Gozag was greatly pleased with you.
You had blades for hands.
You visited 1 branch You collected 12225 gold pieces.
You spent 2921 gold pieces at shops.
You paid 2197 gold pieces to Gozag.

Inventory:

Missiles
 s - 4 curare-tipped darts
Armour
 a - +0 acid dragon scales (worn)
 k - a +0 cloak (worn)
 y - the +1 cloak of Starlight {*Dazzle EV+4 Stlth--}
   (You bought it in a shop in the Dungeon)

   It may blind those who miss an attack against the wearer in melee combat.
   EV:        It affects your evasion (+4).
   Stlth:     It makes you much less stealthy.
Jewellery
 l - a +2 ring of evasion
 t - a ring of poison resistance (left blade hand)
 u - a ring of see invisible
 v - a +4 ring of protection (right blade hand)
 x - a ring of poison resistance
Wands
 j - a wand of acid (2)
Scrolls
 i - 2 scrolls of amnesia
 m - a scroll of fog
 o - 6 scrolls of enchant armour
 q - 2 scrolls of identify
 w - 4 scrolls of enchant weapon
Potions
 b - 2 potions of lignification
 c - 8 potions of curing
 d - 8 potions of heal wounds
 e - 3 potions of haste
 f - 4 potions of magic
 g - a potion of invisibility
 h - a potion of mutation
 n - 2 potions of brilliance
 p - 2 potions of might
 r - 2 potions of cancellation


   Skills:
 + Level 6.7 Fighting
 + Level 4.9 Armour
 + Level 10.9 Dodging
 - Level 5.6 Stealth
 + Level 24.4 Unarmed Combat
 + Level 11.3 Spellcasting
 + Level 12.5 Transmutations
 + Level 6.5 Ice Magic
 + Level 0.5 Poison Magic
 + Level 3.0 Evocations


You had 13 spell levels left.
You knew the following spells:

 Your Spells              Type           Power      Damage    Failure   Level
a - Beastly Appendage     Tmut           54%        N/A       7%          1
b - Wereblood             Tmut           27%        N/A       8%          2
c - Spider Form           Tmut/Pois      16%        N/A       26%         3
d - Ice Form              Ice/Tmut       22%        N/A       26%         4
e - Blade Hands           Tmut           13%        N/A       22%         5
f - Dragon Form           Tmut           13%        N/A       91%         7

Your spell library contained the following spells:

 Spells                   Type           Power      Damage    Failure   Level
 Irradiate                Conj/Tmut      8%         3d16      75%         5


Dungeon Overview and Level Annotations

Branches:
Dungeon (1/1)

Altars:
Cheibriados
Dithmenos
Elyvilon
Fedhas
Gozag
Hepliaklqana
Kikubaaqudgha
Makhleb
Nemelex Xobeh
Okawaru
Qazlal
Ru
Sif Muna
Trog
Uskayaw
Vehumet
Wu Jian
Xom
Yredelemnul
Zin
The Shining One
Beogh
Jiyva
Lugonu

Shops:
D :!!:*[


Innate Abilities, Weirdness & Mutations

You have blades for hands.
Your spellcasting is less reliable in this form.
You are incapable of wielding weapons or throwing items.
You are too large for most types of armour.
You have claws for hands.
Your natural rate of healing is unusually fast.
You are covered in fur. (AC +1)
You have tough skin. (AC +1)


Message History

The stone giant is lightly wounded.
* * * LOW HITPOINT WARNING * * *
The stone giant hits you.
* * * LOW HITPOINT WARNING * * *
Unknown command.
The deep troll earth mage shouts!
You slash the stone giant!
You slash the stone giant, but do no damage.
The stone giant is lightly wounded.
Unknown command.
You feel much better.
The stone giant is no longer distracted by gold.
The stone giant is distracted by your dazzling golden aura.
The rakshasa weaves an illusion.
The deep troll earth mage shimmers and seems to become two!
Unknown command.
Unknown command.
The stone giant shouts!
You hit the stone giant.
The stone giant is no longer distracted by gold.
The stone giant is lightly wounded.
The stone giant hits you!
* * * LOW HITPOINT WARNING * * *
Unknown command.
Unknown command.
You shred the rakshasa!!!
You feel a bit better.
You kill the rakshasa!
The deep troll earth mage shimmers and vanishes!
Unknown command.
You shred the stone giant!!!
The stone giant is severely wounded.
The deep troll earth mage is no longer distracted by gold.
The spriggan air mage is no longer distracted by gold.
The purple very ugly thing is no longer distracted by gold.
The stone giant hits you!!
* * * LOW HITPOINT WARNING * * *
The spriggan air mage waves its arms in wide circles.
The air twists around and strikes you!
You die...
Your body crumbles into a pile of gold.

.▓.▓)▓.▓)▓.▓'▓.▓.▓
.▓.▓)▓.▓(▓.▓)▓.▓.▓
.▓.▓)▓.▓[▓.▓)▓.▓$▓
.▓.▓)▓.▓)▓.▓)▓.▓$▓
.▓.▓)▓.▓)▓.▓.▓.▓$▓
.▓.▓)▓.▓)▓.▓.▓.▓$▓
'▓.▓)▓.▓)▓.▓)▓.▓$▓
.▓.▓.▓.▓)▓.▓.▓.▓$▓
.▓.▓.▓)▓.▓.▓.▓.▓@▓
.▓.▓)▓.▓[▓.▓.▓.▓C▓
.▓.▓.▓.▓.▓.▓'▓.▓T▓
.▓.▓.▓.▓[▓.▓)▓.▓C▓
.▓.▓)▓.▓[▓.▓)▓∩▓.▓
.▓.▓.▓.▓[▓.▓)▓[▓.▓
.▓.▓)▓.▓)▓.▓)▓.▓i▓
.▓.▓)▓.▓[▓)▓)▓.▓u▓
'▓.▓)▓.▓[▓.▓.▓.▓T▓


You could see a purple very ugly thing, 2 stone giants, a spriggan air mage
(repels missiles) and a deep troll earth mage.

Vanquished Creatures
  Rupert (D)
  Frances (D)
  Donald (D)
  A fenstrider witch (D)
  Aizul (D)
  A very ugly thing (D)
  A stone giant (D)
  2 eleionomae (D)
  A spark wasp (D)
  An ettin (D)
  A merfolk impaler (D)
  5 rakshasas (D)
  2 hydras (D)
  A boulder beetle (D)
  2 ice dragons (D)
  A jorogumo (D)
  A merfolk aquamancer (D)
  2 centaur warriors (D)
  A death knight (D)
  2 radroaches (D)
  An alligator (D)
  An anaconda (D)
  2 deep troll shamans (D)
  A two-headed ogre (D)
  A tengu warrior (D)
  A vampire mage (D)
  4 orc high priests (D)
  A deep troll earth mage (D)
  A shock serpent (D)
  Sonja (D)
  A naga sharpshooter (D)
  3 spriggans (D)
  2 sea snakes (D)
  2 steelbarb worms (D)
  A spriggan druid (D)
  A bog body (D)
  A deep elf pyromancer (D)
  3 orc knights (D)
  A wolf spider (D)
  An orc sorcerer (D)
  A necromancer (D)
  A cyclops (D)
  An ugly thing (D)
  A moth of wrath (D)
  A black mamba (D)
  2 naga magi (D)
  A merfolk siren (D)
  5 cane toads (D)
  A torpor snail (D)
  An unseen horror (D)
  A merfolk (D)
  A troll (shapeshifter) (D)
  3 hornets (D)
  A snapping turtle (D)
  2 wind drakes (D)
  3 yaks (D)
  A wraith (D)
  A warg (D)
  3 nagas (D)
  A hell hound (D)
  6 water moccasins (D)
  6 orc warriors (D)
  A black bear (D)
  A centaur (D)
  7 wolves (D)
  2 bullfrogs (D)
  2 scorpions (D)
  A bullfrog (shapeshifter) (D)
  2 howler monkeys (D)
  16 orc priests (D)
  An iguana (D)
  4 orc wizards (D)
  2 adders (D)
  A dart slug (D)
  6 orcs (D)
  2 endoplasms (D)
  A goblin (D)
  A rat (D)
153 creatures vanquished.

Vanquished Creatures (others)
  A shadow (D)
1 creature vanquished.

Grand Total: 154 creatures vanquished

Notes
Turn   | Place    | Note
-------+----------+-------------------------------------------
     0 | D        | mhtbhm the Troll Transmuter began the quest for the Orb.
     0 | D        | Reached XP level 1. HP: 18/18 MP: 1/1
    45 | D        | Noticed an iguana
    45 | D        | Noticed a scorpion
    45 | D        | Noticed a scorpion
    47 | D        | Killed an iguana
    48 | D        | Reached skill level 5 in Unarmed Combat
    48 | D        | Reached XP level 2. HP: 26/26 MP: 2/4
    48 | D        | Reached XP level 3. HP: 32/32 MP: 2/5
    54 | D        | Killed a scorpion
    55 | D        | Reached skill level 7 in Unarmed Combat
    55 | D        | Reached XP level 4. HP: 40/40 MP: 2/7
    57 | D        | Killed a scorpion
    58 | D        | Reached skill level 8 in Unarmed Combat
    58 | D        | Reached XP level 5. HP: 46/46 MP: 2/8
    62 | D        | Found a snail-covered altar of Cheibriados.
    62 | D        | Found a shadowy altar of Dithmenos.
    62 | D        | Found a white marble altar of Elyvilon.
    62 | D        | Found a blossoming altar of Fedhas.
    62 | D        | Found an opulent altar of Gozag.
    63 | D        | Found a hazy altar of Hepliaklqana.
    64 | D        | Found a viscous altar of Jiyva.
    65 | D        | Found an ancient bone altar of Kikubaaqudgha.
    66 | D        | Found a corrupted altar of Lugonu.
    67 | D        | Found a burning altar of Makhleb.
    68 | D        | Found a sparkling altar of Nemelex Xobeh.
    69 | D        | Found an iron altar of Okawaru.
    70 | D        | Became a worshipper of Gozag Ym Sagoz the Greedy
    71 | D        | Found a stormy altar of Qazlal.
    72 | D        | Found a sacrificial altar of Ru.
    73 | D        | Found a shimmering blue altar of Sif Muna.
    74 | D        | Found a bloodstained altar of Trog.
    75 | D        | Found a hide-covered altar of Uskayaw.
    76 | D        | Found a radiant altar of Vehumet.
    77 | D        | Found an ornate altar of the Wu Jian Council.
    78 | D        | Found a shimmering altar of Xom.
    79 | D        | Found a basalt altar of Yredelemnul.
    80 | D        | Found a glowing silver altar of Zin.
    81 | D        | Found a glowing golden altar of the Shining One.
   102 | D        | Learned a level 2 spell: Wereblood
   106 | D        | Learned a level 3 spell: Spider Form
   111 | D        | Learned a level 4 spell: Ice Form
   128 | D        | Noticed a shadow
   128 | D        | Noticed a centaur
   128 | D        | Noticed a yak
   136 | D        | Killed a shadow
   137 | D        | Reached skill level 9 in Unarmed Combat
   137 | D        | Reached XP level 6. HP: 54/54 MP: 4/11
   141 | D        | Reached skill level 10 in Unarmed Combat
   155 | D        | Killed a yak
   156 | D        | Reached skill level 1 in Stealth
   156 | D        | Reached skill level 11 in Unarmed Combat
   156 | D        | Reached XP level 7. HP: 61/61 MP: 5/13
   416 | D        | Noticed a troll
   416 | D        | Noticed a wraith
   416 | D        | Noticed a two-headed ogre
   420 | D        | Killed a troll
   421 | D        | Reached skill level 1 in Fighting
   421 | D        | Reached skill level 5 in Dodging
   421 | D        | Reached skill level 12 in Unarmed Combat
   421 | D        | Reached skill level 5 in Spellcasting
   421 | D        | Reached skill level 5 in Transmutations
   425 | D        | Reached skill level 1 in Ice Magic
   427 | D        | Killed a wraith
   428 | D        | Reached XP level 8. HP: 70/70 MP: 8/15
   433 | D        | Killed an unseen horror
   434 | D        | Killed a two-headed ogre
   435 | D        | Reached skill level 13 in Unarmed Combat
   435 | D        | Reached skill level 1 in Evocations
   741 | D        | Noticed a seven-headed hydra
   743 | D        | Reached XP level 9. HP: 79/79 MP: 10/17
   744 | D        | Noticed a cane toad
   746 | D        | Killed a seven-headed hydra
   747 | D        | Reached skill level 14 in Unarmed Combat
   764 | D        | Killed a cane toad
   807 | D        | Noticed a cane toad
   807 | D        | Noticed a cane toad
   807 | D        | Noticed a cane toad
   808 | D        | Noticed a cane toad
   808 | D        | Killed a cane toad
   810 | D        | Reached skill level 15 in Unarmed Combat
   810 | D        | Reached XP level 10. HP: 91/91 MP: 12/19
   812 | D        | Killed a cane toad
   817 | D        | Killed a cane toad
   822 | D        | Killed a cane toad
   877 | D        | Reached skill level 16 in Unarmed Combat
  1043 | D        | Noticed an orc knight
  1043 | D        | Noticed an orc high priest
  1043 | D        | Noticed an orc knight
  1049 | D        | Noticed an orc knight
  1051 | D        | Killed an orc knight
  1058 | D        | Killed an orc high priest
  1058 | D        | Noticed an orc sorcerer
  1059 | D        | Reached skill level 17 in Unarmed Combat
  1064 | D        | Killed an orc knight
  1065 | D        | Reached XP level 11. HP: 52/98 MP: 19/21
  1069 | D        | Killed an orc knight
  1250 | D        | Killed an orc sorcerer
  1390 | D        | Found Feepu's Book Emporium.
  1390 | D        | Noticed an orc high priest
  1390 | D        | Noticed an orc high priest
  1390 | D        | Noticed an orc high priest
  1395 | D        | Killed an orc high priest
  1396 | D        | Reached skill level 18 in Unarmed Combat
  1397 | D        | Found Ecok's Distillery.
  1402 | D        | Killed an orc high priest
  1403 | D        | Reached skill level 5 in Ice Magic
  1404 | D        | Found Fiomas's Distillery.
  1409 | D        | Killed an orc high priest
  1411 | D        | Found Voygaz's Book Shoppe.
  1645 | D        | Bought a book of Transfigurations for 480 gold pieces
  1647 | D        | Bought 2 potions of heal wounds for 110 gold pieces
  1647 | D        | Bought a potion of heal wounds for 55 gold pieces
  1647 | D        | Bought a potion of haste for 110 gold pieces
  1647 | D        | Bought a potion of haste for 110 gold pieces
  1647 | D        | Bought a potion of heal wounds for 55 gold pieces
  1647 | D        | Bought a potion of might for 44 gold pieces
  1647 | D        | Bought a potion of curing for 33 gold pieces
  1649 | D        | Bought 2 potions of heal wounds for 130 gold pieces
  1649 | D        | Bought a potion of curing for 39 gold pieces
  1649 | D        | Bought 2 potions of cancellation for 208 gold pieces
  1649 | D        | Bought a potion of heal wounds for 65 gold pieces
  1673 | D        | Learned a level 5 spell: Blade Hands
  1681 | D        | Learned a level 7 spell: Dragon Form
  1743 | D        | Noticed Sonja
  1751 | D        | Killed Sonja
  1927 | D        | Bought a scroll of fog for 34 gold pieces
  1927 | D        | Noticed a centaur warrior
  1927 | D        | Noticed a death knight
  1927 | D        | Noticed a tengu warrior
  1927 | D        | Noticed a boulder beetle
  1927 | D        | Noticed a centaur warrior
  1928 | D        | Noticed a five-headed hydra
  1931 | D        | Killed a centaur warrior
  1934 | D        | Killed a death knight
  1935 | D        | Reached skill level 19 in Unarmed Combat
  1935 | D        | Noticed a deep elf pyromancer
  1937 | D        | Killed a tengu warrior
  1938 | D        | Noticed a deep troll shaman
  1942 | D        | Killed a boulder beetle
  1943 | D        | Noticed a vampire mage
  1945 | D        | Noticed an ice dragon
  1948 | D        | Killed a centaur warrior
  1949 | D        | Noticed an ettin
  1954 | D        | Killed a five-headed hydra
  1958 | D        | Noticed a deep troll earth mage
  1961 | D        | Killed a deep elf pyromancer
  1962 | D        | Reached XP level 12. HP: 85/109 MP: 16/24
  1964 | D        | Killed a deep troll shaman
  1965 | D        | Reached skill level 1 in Armour
  2197 | D        | Killed a vampire mage
  2198 | D        | Reached skill level 5 in Stealth
  2198 | D        | Reached skill level 20 in Unarmed Combat
  2211 | D        | Killed an ice dragon
  2358 | D        | Noticed a stone giant
  2362 | D        | Killed an ettin
  2363 | D        | Reached skill level 5 in Fighting
  2365 | D        | Killed a deep troll earth mage
  2373 | D        | Killed a stone giant
  2412 | D        | Noticed a rakshasa
  2490 | D        | Killed a rakshasa
  2581 | D        | Noticed Donald
  2624 | D        | Killed Donald
  2625 | D        | Reached skill level 10 in Transmutations
  2808 | D        | Noticed a merfolk impaler
  2815 | D        | Killed a merfolk impaler
  2818 | D        | Noticed a merfolk aquamancer
  2843 | D        | Killed a merfolk aquamancer
  2844 | D        | Reached skill level 21 in Unarmed Combat
  2912 | D        | Noticed an anaconda
  2933 | D        | Reached skill level 10 in Spellcasting
  2934 | D        | Killed an anaconda
  2935 | D        | Reached XP level 13. HP: 95/120 MP: 22/26
  3011 | D        | Noticed a fenstrider witch
  3011 | D        | Noticed an eleionoma
  3019 | D        | Killed an eleionoma
  3021 | D        | Reached skill level 22 in Unarmed Combat
  3024 | D        | Noticed an eleionoma
  3031 | D        | Killed an eleionoma
  3032 | D        | Reached skill level 10 in Dodging
  3041 | D        | Killed a fenstrider witch
  3200 | D        | Noticed a spark wasp
  3426 | D        | Reached skill level 23 in Unarmed Combat
  3446 | D        | Killed a spark wasp
  3538 | D        | Noticed Aizul
  3550 | D        | Killed Aizul
  3567 | D        | Noticed Rupert
  3579 | D        | Killed Rupert
  3762 | D        | Noticed Frances
  3778 | D        | Killed Frances
  3940 | D        | Bought the +1 cloak of Starlight {*Dazzle EV+4 Stlth--} for
                  | 1220 gold pieces
  3940 | D        | Found the +1 cloak of Starlight {*Dazzle EV+4 Stlth--}
  3946 | D        | Bought a creamy pearl robe for 228 gold pieces
  3946 | D        | Identified the +0 robe of Ignis's Whim {Int+2} (You bought
                  | it in a shop in the Dungeon)
  4009 | D        | Noticed a brown very ugly thing
  4026 | D        | Killed a brown very ugly thing
  4027 | D        | Reached skill level 24 in Unarmed Combat
  4037 | D        | Noticed a stone giant
  4059 | D        | Noticed a stone giant
  4064 | D        | Noticed a purple very ugly thing
  4075 | D        | Reached XP level 14. HP: 59/131 MP: 17/28
  4087 | D        | HP: 3/131 [stone giant (33)]
  4087 | D        | Killed from afar by a spriggan air mage

Illustrated notes

Levels and vault maps discovered:
D:        linesprint [early_d, line_temple, items_1, d_10, items_2, lair_1,
          lair_end, items_3, orc_1, orc_end, items_4, d_15, swamp_1, shoals_1,
          snake_1, spider_1, d_20, vaults_1, items_5, swamp_end, shoals_end,
          snake_end, spider_end, vaults_end, d_27, items_6, zot_1, zot_end,
          crypt_end, forest_end, elf_end, slime_end, tomb_end, abyss_end,
          pan_hell_end]

Skill      XL: |  1  2  3  4  5  6  7  8  9 10 11 12 13 |
---------------+----------------------------------------+-----
Dodging        | 2 3 4 5 6 7 8 9 10 | 10.9
Unarmed Combat | 5 7 8 9 11 12 13 15 17 19 21 24 | 24.4
Spellcasting   | 2 3 4 5 6 7 9 10 11 | 11.3
Transmutations | 2 3 4 5 6 7 8 9 10 12 | 12.5
Stealth        | 1 2 3 4 5 |  5.6
Fighting       | 1 3 4 5 6 |  6.7
Ice Magic      | 1 2 3 4 5 6 |  6.5
Evocations     | 1 2 3 |  3.0
Armour         | 4 |  4.9
Poison Magic   | |  0.5

Action                   |  1- 3 |  4- 6 |  7- 9 | 10-12 | 13-15 || total
-------------------------+-------+-------+-------+-------+-------++-------
Melee: Unarmed           |    17 |    24 |    39 |   218 |   142 ||   440
       Kick              |     2 |     3 |       |       |       ||     5
       Punch             |       |     1 |       |    12 |    12 ||    25
       Headbutt          |       |     1 |       |       |       ||     1
 Cast: Beastly Appendage |     2 |     1 |       |       |       ||     3
       Wereblood         |       |     1 |     3 |    13 |     9 ||    26
       Spider Form       |       |     1 |       |       |       ||     1
       Ice Form          |       |       |     3 |    10 |     4 ||    17
       Blade Hands       |       |       |       |     7 |     8 ||    15
Invok: Call Merchant     |       |       |       |     1 |     1 ||     2
       Potion Petition   |       |       |       |     1 |       ||     1
Evoke: Wand              |       |       |     3 |     4 |     1 ||     8
  Use: Potion            |     1 |       |       |     5 |     5 ||    11
       Scroll            |       |       |       |     3 |     2 ||     5
 Stab: Distracted        |       |     1 |     1 |     2 |     1 ||     5
       Invisible         |       |       |       |     7 |       ||     7
       Sleeping          |       |       |       |       |     1 ||     1
Armor: Robe              |     4 |     1 |       |     1 |       ||     6
       Skin              |       |     1 |     6 |    21 |    13 ||    41
       Acid dragon scale |       |       |       |    16 |     7 ||    23
Dodge: Dodged            |     7 |     9 |    21 |    96 |    32 ||   165

Table legend: (Time is in decaauts)
 A = Elapsed time spent in this place.
 B = Non-inter-level travel time spent in this place.
 C = Inter-level travel time spent in this place.
 D = Time resting spent in this place.
 E = Time spent auto-exploring this place.
 F = Levels seen in this place.
 G = Mean time per level.
                   A        B        C        D        E       F      G
               +--------+--------+--------+--------+--------+-----+--------+
         Total |   3906 |   3812 |     94 |   1593 |    623 |   1 | 3906.0 |
       Dungeon |   3906 |   3812 |     94 |   1593 |    623 |   1 | 3906.0 |
               +--------+--------+--------+--------+--------+-----+--------+

Top non-repeatable levels by time:
       D: 3906 daAuts
